 Dungeon Crawl Stone Soup version 0.26-a0-110-g95b6527cb0 (webtiles) character file.

Game seed: 9550959560063178792

46 drasked the Caller (level 3, 24/24 HPs)
             Began as a Mummy Summoner on June 23, 2020.
             Quit the game on level 3 of the Dungeon.
             The game lasted 00:11:25 (3481 turns).

drasked the Caller (Mummy Summoner)                 Turns: 3481, Time: 00:11:26

Health: 24/24      AC:  3    Str: 11    XL:     3   Next: 44%
Magic:  5/7        EV: 12    Int: 15    God:
Gold:   137        SH:  0    Dex: 12    Spells: 2/8 levels left

rFire    x . .     SeeInvis .   b - +0 club
rCold    + . .     Faith    .   (no shield)
rNeg     + + +     Spirit   .   a - +0 robe
rPois    ∞         Reflect  .   (no helmet)
rElec    .         Harm     .   (no cloak)
rCorr    .                      g - +0 pair of gloves
MR       .....                  (no boots)
Stlth    ++........             (no amulet)
HPRegen  0.08/turn              (no ring)
MPRegen  0.10/turn              (no ring)

@: no status effects
A: no food or potions, fire vulnerability, cold resistance 1, negative energy
resistance 3, torment resistance, unbreathing
a: no special abilities


You were on level 3 of the Dungeon.
You were not hungry.

You visited 1 branch of the dungeon, and saw 3 of its levels.

You collected 137 gold pieces.

Inventory:

Hand Weapons
 b - a +0 club (weapon)
   (You took it off a goblin on level 1 of the Dungeon)
Missiles
 Q - 81 stones (quivered)
Armour
 a - a +0 robe (worn)
 g - a +0 pair of gloves (worn)
   (You found it on level 2 of the Dungeon)
Jewellery
 d - an uncursed ring of flight {unknown}
   (You found it on level 1 of the Dungeon)
Wands
 i - a wand of enslavement (4)
   (You found it on level 3 of the Dungeon)
Scrolls
 c - 3 scrolls of remove curse {unknown}
 e - a scroll of enchant weapon {unknown}
 f - 3 scrolls of teleportation {unknown}
 h - a scroll of identify {unknown}


   Skills:
 - Level 1.5 Dodging
 - Level 1.5 Stealth
 - Level 3.2 Spellcasting
 + Level 4.1 Summonings


You had 2 spell levels left.
You knew the following spells:

 Your Spells              Type           Power        Failure   Level  Hunger
a - Summon Small Mammal   Summ           ###.         3%          1    N/A
b - Call Canine Familiar  Summ           ###.....     11%         3    N/A
c - Call Imp              Summ           ###.....     5%          2    N/A

Your spell library contained the following spells:

 Spells                   Type           Power        Failure   Level  Hunger
 Magic Dart               Conj           #...         21%         1    N/A
 Searing Ray              Conj           #.....       30%         2    N/A
 Summon Guardian Golem    Hex/Summ       #.......     26%         3    N/A
 Dazzling Flash           Conj/Hex       #.....       52%         3    N/A
 Summon Ice Beast         Ice/Summ       #.......     63%         4    N/A
 Summon Lightning Spire   Summ/Air       #.......     63%         4    N/A
 Fulminant Prism          Conj/Hex       #.........   89%         4    N/A
 Iskenderun's Mystic Bla  Conj/Tloc      #.......     89%         4    N/A

Dungeon Overview and Level Annotations

Branches:
Dungeon (3/15)

Altars:
Dithmenos
Qazlal
Uskayaw
Vehumet
Wu Jian


Innate Abilities, Weirdness & Mutations

You do not eat or drink.
Your flesh is vulnerable to fire.
You are immune to poison.
Your flesh is cold resistant. (rC+)
You are immune to negative energy. (rN+++)
You are immune to unholy pain and torment.
You can survive without breathing.


Message History

Gang up on whom?
Aim: a frilled lizard Attack!
Your white imp gestures at the frilled lizard.
The puff of frost hits the frilled lizard!
The frilled lizard dies!
You swap places.
A rat comes into view.
An orc wizard comes into view. It is wielding a +0 dagger.
The orc wizard shouts!
An orc warrior comes into view. It is wielding a +0 glaive.
An orc comes into view.
You see here a triangular citrine amulet.
Found a stone staircase leading down.
What are your orders? t - Shout!
Orders for allies: a - Attack new target. r - Retreat! s - Stop attacking. g - Guard the area. f - Follow me.
Anything else - Cancel.
Gang up on whom?
Aim: an orc wizard, wielding a +0 dagger and wearing a +0 robe Attack!
Your crimson imp blinks!
The orc wizard points at you and mumbles some strange words.
You resist with some effort.
Your crimson imp disappears in a puff of smoke!
Something hits your white imp.
The orc wizard mumbles some strange words.
The orc wizard flickers and vanishes!
Deactivating autopickup; reactivate with Ctrl-A.
Things that are here:
a +0 club; a hobgoblin corpse
Things that are here:
a +0 dagger; a goblin corpse You hear the brisk rusting of a distant drain.
There is a stone staircase leading up here.
You climb upwards.
Reactivating autopickup.
There is a stone staircase leading down here.
There is a stone staircase leading down here.
There is a stone staircase leading down here.
You climb downwards.
You hear the sound of rushing water.
There is an entrance to a sewer on this level.
Hurry and find it before the portal rusts away!
You hear the quick rusting of a distant drain.
The orc wizard points at you and mumbles some strange words.
The puff of flame misses you.
There is a stone staircase leading up here.
The orc warrior hits you from afar with a +0 glaive!
Ouch! That really hurt!
* * * LOW HITPOINT WARNING * * *
You climb upwards.
There is a stone staircase leading down here.
There is a stormy altar of Qazlal here.
You see here a leather armour.
There is an open door here.
There is a stone staircase leading down here.
You climb downwards.
You hear the sound of rushing water.
There is an entrance to a sewer on this level.
Hurry and find it before the portal rusts away!
You hear the rapid rusting of a distant drain.
There is a stone staircase leading up here.
You climb upwards.
There is a stone staircase leading down here.
There is an open door here.
You see here a hand axe.
Things that are here:
a +0 dagger; a cursed -1 hunting sling
There is a stone staircase leading down here.
You climb downwards.
You hear the sound of rushing water.
There is an entrance to a sewer on this level.
Hurry and find it before the portal rusts away!
You hear the rapid rusting of a very distant drain.
There is a stone staircase leading up here.
You hear the drain falling apart.
You now have 137 gold pieces (gained 11).
Found a shadowy altar of Dithmenos.
Found a stone staircase leading down.
An adder comes into view.
A beastly little devil appears in a puff of flame.
The walls and floor vibrate strangely for a moment.
Unknown command.
Okay, then.
Welcome back, drasked the Mummy Summoner.
Okay, then.
Unknown command.
Quiver which item? (- for none, * to show all) (? for menu, Esc to quit)
Okay, then.
Save game and exit?
Okay, then.
Unknown command.
Unknown command.
Quiver which item? (- for none, * to show all) (? for menu, Esc to quit)
Okay, then.
Okay, then.
Quiver which item? (- for none, * to show all) (? for menu, Esc to quit)
Quivering
Q - 81 stones for throwing.
Quiver which item? (- for none, * to show all) (? for menu, Esc to quit)
Okay, then.

#.#.#########.# #.#.#
#.# ###.#.# #.#
....#.# #.# #####.#
#.# . .# #.# ## ###
#.# . ..S..#.###
#######.........@5#
.........>......#....#
.######.#...#.###.##.#
.# .#.# #. .. #
.######.# #. §_.
.o....#.# # ...#
......#.#.# .###
...o.<....# .#
......#.#.....


You could see an adder (asleep) and a friendly crimson imp (summoned).

Levels and vault maps discovered:
D:1:      shiori_arrival_maze, layout_basic, minmay_hexomino_u4
D:2:      layout_basic, lemuel_doored_altar, marbit_many_paths,
          old_standard_altar, grunt_qazlal_clouds
D:3:      layout_basic, old_standard_altar, grunt_dithmenos_smoke, serial_glass,
          glass_columns_c, glass_columns_a, gup_sewer_entry_bowl

Notes
Turn   | Place    | Note
-------+----------+-------------------------------------------
     0 | D:1      | drasked the Mummy Summoner began the quest for the Orb.
     0 | D:1      | Reached XP level 1. HP: 13/13 MP: 4/4
    21 | D:1      | Identified a +0 club
   117 | D:1      | Identified a cursed -2 club
   300 | D:1      | Reached skill level 3 in Spellcasting
   336 | D:1      | Identified a +0 club
   437 | D:1      | Reached XP level 2. HP: 13/19 MP: 0/6
   441 | D:1      | Learned a level 2 spell: Call Imp
   657 | D:1      | Identified a +0 club
  1462 | D:2      | Found a hide-covered altar of Uskayaw.
  1490 | D:1      | HP: 3/19 [adder (2)]
  1809 | D:2      | Identified a +0 club
  1906 | D:2      | Found an ornate altar of the Wu Jian Council.
  1912 | D:2      | Identified a +0 dagger
  1912 | D:2      | Identified a cursed -1 hunting sling
  2175 | D:2      | Found a radiant altar of Vehumet.
  2222 | D:2      | Reached XP level 3. HP: 24/24 MP: 2/7
  2351 | D:2      | Identified a +0 pair of gloves (You found it on level 2 of
                  | the Dungeon)
  2481 | D:2      | Found a stormy altar of Qazlal.
  2739 | D:2      | Learned a level 3 spell: Call Canine Familiar
  2747 | D:3      | Reached skill level 4 in Summonings
  2828 | D:3      | Identified a +0 ring mail
  2894 | D:3      | Identified a +0 dagger
  2991 | D:3      | Identified a +0 dagger
  2991 | D:3      | Identified a +0 club
  3079 | D:3      | Identified a +0 dagger
  3158 | D:3      | Identified a +0 dagger
  3158 | D:3      | Identified a +0 robe
  3159 | D:3      | Identified a +0 glaive
  3159 | D:3      | Identified a +0 chain mail
  3159 | D:3      | Noticed an orc warrior
  3159 | D:3      | Identified a +0 leather armour
  3477 | D:3      | Found a shadowy altar of Dithmenos.
  3481 | D:3      | Quit the game

Table legend:
 A = Turns spent in this place as a percentage of turns spent in the entire game.
 B = Non-inter-level travel turns spent in this place as a percentage of non-inter-level travel turns spent in the entire game.
 C = Inter-level travel turns spent in this place as a percentage of turns spent in this place.
 D = Turns resting spent in this place as a percentage of non-inter-level travel turns spent in this place.
 E = Turns spent auto-exploring this place as a percentage of non-inter-level travel turns spent in this place.
 F = Non-inter-level travel turns spent in this place divided by the number of levels of this place that you've seen.
                   A       B       C       D       E      F
               +-------+-------+-------+-------+-------+----------------------
         Total | 100.0 | 100.0 |  10.6 |  40.5 |  38.6 | 1037.3
       Dungeon | 100.0 | 100.0 |  10.6 |  40.5 |  38.6 | 1037.3
               +-------+-------+-------+-------+-------+----------------------

Table legend:
 A = Kills in this place as a percentage of kills in entire the game.
 B = Kills by you in this place as a percentage of kills by you in the entire game.
 C = Kills by friends in this place as a percentage of kills by friends in the entire game.
 D = Other kills in this place as a percentage of other kills in the entire game.
 E = Experience gained in this place as a percentage of experience gained in the entire game.
 F = Experience gained in this place divided by the number of levels of this place that you have seen.
                   A       B       C       D       E      F
               +-------+-------+-------+-------+-------+----------------------
         Total | 100.0 | 100.0 | 100.0 |   N/A | 100.0 |  22.0
       Dungeon | 100.0 | 100.0 | 100.0 |   N/A | 100.0 |  22.0
               +-------+-------+-------+-------+-------+----------------------

Skill      XL: |  1  2  3 |
---------------+----------+-----
Spellcasting   | 3 |  3.2
Summonings     | 4 |  4.1
Dodging        | |  1.5
Stealth        | |  1.5

Action                   || total
-------------------------++-------
Melee: Club              ||    10
 Cast: Summon Small Mamm ||    23
       Call Imp          ||    52
Armor: Robe              ||    11
Dodge: Dodged            ||    34

Vanquished Creatures
  An ooze (D:1)
1 creature vanquished.

Vanquished Creatures (collateral kills)
  2 adders
  A worm (D:2)
  2 leopard geckos (D:2)
  An orc (D:3)
  A ball python (D:2)
  3 giant cockroaches
  5 goblins
  7 hobgoblins
  3 jackals (D:3)
  4 kobolds
  6 bats
  2 frilled lizards
  5 rats
42 creatures vanquished.

Grand Total: 43 creatures vanquished
